 Dungeon Crawl Stone Soup version 0.31-a0-799-g6bc09d010c (webtiles) character file.

Game seed: 5109112836268651958

3372 Dirtsage the Cleaver (level 9, -5/71 HPs)
             Began as a Demonspawn Berserker on Sept 19, 2023.
             Was an Elder of Trog.
             Slain by an orc warrior
             ... wielding a +0 war axe
              (7 damage)
             ... in a bailey.
             The game lasted 00:12:52 (6387 turns).

Dirtsage the Cleaver (Demonspawn Berserker)         Turns: 6387, Time: 00:12:52

Health: -5/71      AC: 14    Str: 21    XL:     9   Next: 73%
Magic:  18/18      EV: 11    Int:  9    God:    Trog [****..]
Gold:   290        SH:  6    Dex: 13    Spells: 8/8 levels left

rFire   . . .        B - +0 war axe
rCold   . . .        b - +2 buckler
rNeg    . . .        E - +0 steam dragon scales
rPois   .            z - +2 hat
rElec   .            (no cloak)
rCorr   .            (no gloves)
SInv    .            p - +0 pair of boots
Will    .....        F - amulet of regeneration
Stlth   +++          s - ring of flight
HPRegen 1.11/turn    h - ring of magical power
MPRegen 0.16/turn

%: no passive effects
@: sanguine armoured, on berserk cooldown, flying, slowed, very slow
A: demonic guardian 2, sanguine armour 1, demonic touch 2
a: Renounce Religion, Berserk, Trog's Hand, Brothers in Arms


You were in a bailey.
You worshipped Trog.
Trog was greatly pleased with you.
You visited 2 branches of the dungeon, and saw 8 of its levels.
You also visited: Bailey.

You collected 290 gold pieces.

Inventory:

Hand Weapons
 a - a +0 hand axe
 B - a +0 war axe (weapon)
Armour
 b - a +2 buckler (worn)
 e - a +0 tower shield
 l - a +0 ring mail
 m - a +0 helmet
 p - a +0 pair of boots (worn)
 y - a +0 chain mail
 z - a +2 hat (worn)
 E - +0 steam dragon scales (worn)
Jewellery
 h - a ring of magical power (right hand)
 s - a ring of flight (left hand)
 F - an amulet of regeneration (around neck)
Wands
 t - a wand of flame (13)
Scrolls
 c - 4 scrolls of teleportation {unknown}
 d - a scroll of immolation {unknown}
 f - 2 scrolls of blinking {unknown}
 g - a scroll of torment {unknown}
 i - 4 scrolls of revelation {unknown}
 k - a scroll of amnesia {unknown}
 n - 4 scrolls of identify {unknown}
 u - a scroll of vulnerability {unknown}
 D - a scroll of acquirement {unknown}
Potions
 j - a potion of cancellation {unknown}
 o - 2 potions of ambrosia {unknown}
 q - 2 potions of curing
 r - 2 potions of heal wounds {unknown}
 v - a potion of attraction {unknown}
 w - a potion of mutation {unknown}
 x - a potion of brilliance {unknown}
 A - a potion of magic {unknown}
 C - a potion of enlightenment


   Skills:
 + Level 6.5 Fighting
 * Level 10.7 Axes
 - Level 1.7 Armour
 - Level 1.7 Dodging
 + Level 5.6 Stealth


You had 8 spell levels left.
You didn't know any spells.
Your spell library contained the following spells:

 Spells                   Type           Power      Damage    Failure   Level
 Apportation              Tloc           0%         N/A       45%         1
 Necrotise                Necr           0%         1d4       45%         1
 Summon Small Mammal      Summ           0%         N/A       45%         1
 Blink                    Tloc           0%         N/A       61%         2
 Jinxbite                 Hex            0%         N/A       61%         2
 Lesser Beckoning         Tloc           0%         N/A       61%         2
 Momentum Strike          Conj/Tloc      0%         3d8       61%         2
 Call Canine Familiar     Summ           0%         N/A       83%         3
 Dazzling Flash           Conj/Hex       0%         N/A       83%         3
 Summon Guardian Golem    Hex/Summ       0%         N/A       83%         3
 Vampiric Draining        Necr           0%         2d6       83%         3
 Agony                    Necr           0%         N/A       100%        5
 Alistair's Intoxication  Tmut/Pois      0%         N/A       100%        5
 Silence                  Hex/Air        0%         N/A       100%        5
 Eringya's Noxious Bog    Tmut/Pois      0%         4d6       100%        6
 Haunt                    Necr/Summ      0%         N/A       100%        7
 Monstrous Menagerie      Summ           0%         N/A       100%        7


Dungeon Overview and Level Annotations

Branches:
Dungeon (7/15)             Temple (1/1) D:4          Bailey (1/1)

Altars:
Ashenzari
Cheibriados
Dithmenos
Fedhas
Gozag
Hepliaklqana
Kikubaaqudgha
Makhleb
Nemelex Xobeh
Okawaru
Qazlal
Ru
Sif Muna
Trog
Uskayaw
Vehumet
Wu Jian
Xom
Yredelemnul

Shops:
D:5 [


Innate Abilities, Weirdness & Mutations

A demonic guardian rushes to your aid.
When seriously injured, your blood forms armour. (AC +6)
Your touch may inflict irresistible damage on your foes.


Message History

The orc warrior hits you with a +0 war axe!
The orc knight roars a battlecry!
The orc warrior goes into a battle-frenzy!
You take 9 damage, and have 53/103 hp.
You barely miss the orc knight.
The orc knight is severely wounded.
You hit the orc warrior but do no damage.
The orc knight hits you with a +0 battleaxe!
You take 12 damage, and have 41/103 hp.
You hit the orc knight but do no damage.
The orc knight is severely wounded.
You barely miss the orc warrior. You block the orc warrior's attack.
The orc knight hits you with a +0 battleaxe.
You take 3 damage, and have 38/103 hp.
You slash the orc knight!
The orc knight is almost dead.
You barely miss the orc warrior. You slash the orc warrior!
Unknown command.
You slash the orc knight!
You kill the orc knight!
Trog accepts your kill.
You closely miss the orc warrior. You hit the orc warrior.
The orc warrior completely misses you. The orc warrior closely misses you.
You slice the orc warrior!!
The orc warrior is almost dead.
You hit the orc warrior but do no damage.
You are no longer berserk.
You are exhausted.
You feel yourself slow down.
The orc warrior zaps a wand.
Your mind is blasted!
* * * LOW HITPOINT WARNING * * *
A demonic guardian appears!
The orc warrior hits you with a +0 war axe!
* * * LOW HITPOINT WARNING * * *
You now have 1/71 hp.
You slash the orc warrior!
You kill the orc warrior!
Trog accepts your kill.
You hit the orc warrior but do no damage.
The orc warrior hits you with a +0 war axe!
You die...

## .## #.#
##########.#############
......).(...)(.........####
.(....#########...........##
.###### ##(#.........## .# #..#
#o@#....⌠.....# .# #..#
#4)###.......## .# '..###
####))+ #.....### .###...^ ..
....###......######
≈((#o.####'####..#.....≈≈≈≈≈≈≈≈#
≈≈≈####..K....####..≈~≈≈≈≈≈≈≈###
≈≈≈≈≈∩#.Kog...#∩≈≈≈≈≈≈~....###
##≈≈≈≈#########≈≈≈≈≈......##
###≈≈≈≈≈≈≈≈≈≈≈≈≈≈.......##


You could see an orc warrior (strong, ally target) and a friendly ice devil
(summoned).

Vanquished Creatures
  An orc knight (Bailey)
  A gargoyle (D:6)
  Sigmund (D:2)
  A steam dragon (D:7)
  6 orc warriors (Bailey)
  A sky beast (D:6)
  2 phantoms
  2 kobold brigands
  A bullfrog (D:7)
  3 scorpions
  6 wights
  4 howler monkeys
  A lava snake (D:7)
  A jelly (D:6)
  3 orc priests
  3 hounds (D:4)
  3 sleepcaps
  4 iguanas
  3 orc wizards (D:4)
  Robin (D:3)
  10 adders
  A gnoll (Bailey)
  A shadow imp (D:7)
  An ufetubus (D:6)
  2 dart slugs
  28 orcs
  4 ball pythons
  7 bats
  4 endoplasms
  3 giant cockroaches
  21 goblins
  8 hobgoblins
  5 jackals
  31 kobolds
  5 quokkas
  6 frilled lizards
  4 rats
189 creatures vanquished.

Vanquished Creatures (collateral kills)
  A howler monkey (D:7)
  An adder (D:2)
  A jackal (D:1)
3 creatures vanquished.

Grand Total: 192 creatures vanquished

Notes
Turn   | Place    | Note
-------+----------+-------------------------------------------
     0 | D:1      | Dirtsage the Demonspawn Berserker began the quest for the
                  | Orb.
     0 | D:1      | Reached XP level 1. HP: 18/18 MP: 1/1
   138 | D:1      | Reached skill level 3 in Axes
   221 | D:1      | Gained mutation: A weak demonic guardian rushes to your
                  | aid. [demonic ancestry]
   221 | D:1      | Reached XP level 2. HP: 24/24 MP: 2/2
  1150 | D:2      | Reached skill level 4 in Axes
  1150 | D:2      | Gained mutation: When seriously injured, your blood forms
                  | armour. (AC +6) [demonic ancestry]
  1150 | D:2      | Reached XP level 3. HP: 12/29 MP: 3/3
  1558 | D:2      | Noticed Sigmund
  1565 | D:2      | Killed Sigmund
  1565 | D:2      | Reached ** piety under Trog
  1566 | D:2      | Reached skill level 5 in Axes
  1566 | D:2      | Gained mutation: Your touch may inflict minor irresistible
                  | damage on your foes. [demonic ancestry]
  1566 | D:2      | Reached XP level 4. HP: 35/35 MP: 4/4
  1566 | D:2      | Reached XP level 5. HP: 41/41 MP: 5/5
  1991 | D:2      | Got a glistering book
  2219 | D:3      | Reached skill level 6 in Axes
  2239 | D:3      | Found a basalt altar of Yredelemnul.
  2243 | D:3      | Found a broken altar of Ashenzari.
  2264 | D:3      | Noticed Robin
  2279 | D:3      | Killed Robin
  2283 | D:3      | Gained mutation: A demonic guardian rushes to your aid.
                  | [demonic ancestry]
  2283 | D:3      | Reached XP level 6. HP: 29/47 MP: 6/6
  2918 | D:4      | Reached skill level 7 in Axes
  3059 | D:4      | Found a staircase to the Ecumenical Temple.
  3173 | Temple   | Entered the Ecumenical Temple
  3257 | D:4      | Found a bloodstained altar of Trog.
  3275 | D:4      | Gained mutation: Your touch may inflict irresistible damage
                  | on your foes. [demonic ancestry]
  3275 | D:4      | Reached XP level 7. HP: 52/52 MP: 7/7
  3372 | D:4      | Reached *** piety under Trog
  3645 | D:5      | Entered Level 5 of the Dungeon
  3841 | D:5      | Reached skill level 1 in Stealth
  3843 | D:5      | Reached skill level 8 in Axes
  4241 | D:5      | Found Uqoextas's Armour Shop.
  4405 | D:6      | Noticed a gargoyle
  4417 | D:6      | Killed a gargoyle
  4418 | D:6      | Reached XP level 8. HP: 28/60 MP: 8/8
  4982 | D:6      | Reached skill level 9 in Axes
  5226 | D:6      | Found an iron altar of Okawaru.
  5230 | D:6      | Found a hide-covered altar of Uskayaw.
  5230 | D:6      | Found a stormy altar of Qazlal.
  5237 | D:6      | Found a blossoming altar of Fedhas.
  5241 | D:6      | Found a sacrificial altar of Ru.
  5526 | D:6      | Reached skill level 5 in Fighting
  5763 | D:7      | Reached XP level 9. HP: 68/68 MP: 9/9
  5814 | D:7      | Reached **** piety under Trog
  6171 | D:7      | Found a flagged portal.
  6178 | D:7      | Reached skill level 10 in Axes
  6187 | Bailey   | Entered a bailey
  6203 | Bailey   | Noticed an orc knight
  6307 | Bailey   | Reached skill level 5 in Stealth
  6385 | Bailey   | Killed an orc knight
  6386 | Bailey   | HP: 1/71 [orc warrior/+0 war axe (13)]
  6387 | Bailey   | Slain by an orc warrior

Illustrated notes

Levels and vault maps discovered:
D:1:      dpeg_arrival_rooms_a, layout_loops_corners
D:2:      layout_loops_cross, kennysheep_big_empty_room, uniq_sigmund
D:3:      layout_rooms, mainiacjoe_overflow_catwalk_spiral, serial_glass,
          glass_columns_b, glass_columns_a, uniq_robin
D:4:      layout_basic, trog_butcher_becter,
          minmay_temple_entry_statues_pillars, serial_rivers,
          chequers_serial_rivers_micro_b, chequers_serial_rivers_micro_b,
          chequers_serial_rivers_marsh, chequers_serial_rivers_large_a,
          chequers_serial_rivers_room_b, chequers_serial_rivers_small_b
D:5:      layout_basic, serial_shops, shop, dk_vineyard_1
D:6:      layout_gridville, minmay_overflow_temple_star_hex,
          minmay_strange_pillars
D:7:      layout_rooms, enter_bailey_5, kennysheep_cluttered_room,
          kennysheep_path_1
Temple:   cyrus_circular_temple
Bailey:   bailey_axe_4, bailey

Skill      XL: |  1  2  3  4  5  6  7  8  9 |
---------------+----------------------------+-----
Axes           | 3 4 5 6 7 8 9 10 | 10.7
Stealth        | 2 4 5 |  5.6
Fighting       | 4 5 6 |  6.5
Armour         | |  1.7
Dodging        | |  1.7

Action                     |  1- 3 |  4- 6 |  7- 9 || total
---------------------------+-------+-------+-------++-------
  Melee: Hand axe          |   112 |   131 |   208 ||   451
         Touch             |       |    28 |     1 ||    29
         War axe           |       |       |   221 ||   221
 Invoke: Berserk           |     2 |     2 |     8 ||    12
    Use: Potion            |     1 |       |       ||     1
   Stab: Sleeping          |     2 |     1 |       ||     3
 Armour: Animal skin       |    66 |    43 |       ||   109
         Ring mail         |       |    42 |    66 ||   108
         Chain mail        |       |       |   118 ||   118
         Steam dragon scal |       |       |    59 ||    59
  Dodge: Dodged            |    77 |    98 |   134 ||   309
  Block: Buckler           |       |       |    85 ||    85

Table legend: (Time is in decaauts)
 A = Elapsed time spent in this place.
 B = Non-inter-level travel time spent in this place.
 C = Inter-level travel time spent in this place.
 D = Time resting spent in this place.
 E = Time spent auto-exploring this place.
 F = Levels seen in this place.
 G = Mean time per level.
                   A        B        C        D        E       F      G
               +--------+--------+--------+--------+--------+-----+--------+
         Total |   6500 |   6305 |    195 |    425 |   4669 |   9 |  722.2 |
       Dungeon |   6292 |   6097 |    195 |    398 |   4636 |   7 |  898.9 |
        Temple |      1 |      1 |      0 |      0 |      0 |   1 |    1.0 |
        Bailey |    206 |    206 |      0 |     27 |     33 |   1 |  206.0 |
               +--------+--------+--------+--------+--------+-----+--------+

Top non-repeatable levels by time:
     D:6: 1189 daAuts
     D:4: 1098 daAuts
     D:1: 1087 daAuts
     D:2: 1001 daAuts
     D:5: 773 daAuts
     D:7: 613 daAuts
     D:3: 526 daAuts
  Bailey: 206 daAuts
  Temple: 1 daAuts
